 Dungeon Crawl Stone Soup version 0.24.0-13-gcf9b319 (webtiles) character file.

Game seed: 14882204777884901940, levelgen mode: deterministic

11798 Fang the Fighter (level 11, -1/109 HPs)
             Began as a Gargoyle Berserker on Dec 10, 2019.
             Was a High Priest of Trog.
             Killed by drain life
             ... invoked by a soul eater
             ... summoned by Frances
              (10 damage)
             ... on level 12 of the Dungeon.
             The game lasted 00:13:41 (10522 turns).

Fang the Fighter (Gargoyle Berserker)              Turns: 10522, Time: 00:13:42

Health: -1/109     AC: 28    Str: 32    XL:     11   Next: 83%
Magic:  11/11      EV: 11    Int:  8    God:    Trog [*****.]
Gold:   454        SH:  0    Dex:  9    Spells: 10/10 levels left

rFire    . . .     SeeInvis .   a - +2 war axe
rCold    . . .     Gourm    .   (no shield)
rNeg     + . .     Faith    .   b - +2 plate armour
rPois    ∞         Spirit   .   (no helmet)
rElec    +         Reflect  .   (no cloak)
rCorr    +         Harm     .   j - +2 pair of gloves
MR       .....                  (no boots)
Stlth    ..........             (no amulet)
HPRegen  0.28/turn              F - ring of resist corrosion
MPRegen  0.12/turn              f - +3 ring of strength

@: berserking (expiring), very quick
A: negative energy resistance 1, electricity resistance, unbreathing,
petrification resistance, rot immunity, AC +8
a: Berserk, Trog's Hand, Brothers in Arms, Renounce Religion


You were on level 12 of the Dungeon.
You worshipped Trog.
Trog was extremely pleased with you.
You were hungry.

You visited 3 branches of the dungeon, and saw 14 of its levels.
You also visited: Sewer.

You collected 454 gold pieces.

Inventory:

Hand Weapons
 a - a +2 war axe (weapon)
Armour
 b - a +2 plate armour (worn)
 j - a +2 pair of gloves (worn)
Jewellery
 f - a +3 ring of strength (right hand)
 p - an uncursed ring of ice
 F - a ring of resist corrosion (left hand)
Wands
 h - a wand of iceblast (18)
 k - a wand of digging (5)
 l - a wand of random effects (20)
 u - a wand of polymorph (7)
 z - a wand of disintegration (16)
 E - a wand of paralysis (6)
Scrolls
 n - 6 scrolls of teleportation
 o - a scroll of blinking
 w - 3 scrolls of remove curse
Potions
 d - 10 potions of curing
 e - 2 potions of brilliance
 g - 3 potions of haste
 i - 4 potions of berserk rage
 q - 2 potions of flight
 r - 6 potions of heal wounds
 s - a potion of might
 t - 2 potions of resistance
 x - a potion of invisibility
Comestibles
 c - 16 rations
 m - 4 chunks of flesh


   Skills:
 + Level 10.6 Fighting
 + Level 9.0 Axes
 + Level 10.4 Armour
 + Level 8.0 Dodging


You had 10 spell levels left.
You didn't know any spells.
Your spell library was empty.

Dungeon Overview and Level Annotations

Branches:
Dungeon (12/15)            Temple (1/1) D:5            Lair (1/6) D:8
    Orc (0/2) D:10          Sewer (visited)

Altars:
Ashenzari
Gozag
Nemelex Xobeh
Okawaru
Qazlal
Sif Muna
Vehumet
Wu Jian
Yredelemnul
Zin
The Shining One

Shops:
D:10 (

Annotations:
D:12 Frances


Innate Abilities, Weirdness & Mutations

You are resistant to torment.
Your stone body is resilient. (AC +8)
You are immune to poison.
You resist negative energy. (rN+)
You are resistant to electric shocks. (rElec)
You can survive without breathing.
You are immune to petrification.
You are immune to rotting.


Message History

The soul eater draws from the surrounding life force!
The soul eater is healed.
Frances hits you with a cursed -2 flail.
* * * LOW HITPOINT WARNING * * *
The soul eater hits you but does no damage.
You closely miss the soul eater.
The soul eater is moderately wounded.
You hit Frances but do no damage. You hit the ice devil but do no damage.
You barely miss the soul eater.
The ice devil hits you but does no damage.
The soul eater hits you but does no damage.
Frances hits you with a cursed -2 flail!
* * * LOW HITPOINT WARNING * * *
The soul eater draws from the surrounding life force!
* * * LOW HITPOINT WARNING * * *
The soul eater is healed.
The ice devil hits you but does no damage.
You feel a strong urge to attack something.
The soul eater draws from the surrounding life force!
You die...

.........#........
.........'........
.........#...:....
.........#........
.........#.#######
.....#####.#
.....#.....#
.....#.....# ..
#.@...# #.....#
#3@4..# #.3.......
#..........
#..........
#..........
###+#...... ......


You could see Frances, 2 soul eaters and an ice devil.

Vanquished Creatures
  Fannar (D:10)
  2 two-headed ogres
  Pikel (D:4)
  A gargoyle (D:10)
  A hornet (D:8)
  5 hippogriffs
  2 shadows
  A yak (D:9)
  A wyvern (D:11)
  Eustachio (D:6)
  Grum (D:10)
  A steam dragon (D:7)
  5 hungry ghosts
  2 soldier ants (D:8)
  3 porcupines (D:8)
  A two-headed ogre zombie (D:10)
  A water moccasin (D:8)
  3 slaves (D:4)
  3 orc warriors
  4 sky beasts
  5 black bears
  An ice beast (D:6)
  6 phantoms
  3 ogres
  4 wolves (D:10)
  2 crocodiles
  2 centaurs (D:11)
  7 bullfrogs
  6 scorpions
  A troll zombie (D:10)
  6 killer bees (D:8)
  3 wights (D:8)
  4 howler monkeys
  An electric eel (D:9)
  2 crimson imps
  8 hounds
  A bullfrog skeleton (D:11)
  4 orc priests
  A centaur skeleton (D:7)
  A jelly (D:6)
  2 iguanas
  7 worker ants
  3 orc wizards
  6 ogre zombies (D:10)
  A hound zombie (D:3)
  A hound skeleton (D:4)
  2 howler monkey skeletons
  A worker ant zombie (D:10)
  20 adders
  3 gnolls (D:9)
  9 river rats (Sewer)
  A shadow imp (D:9)
  5 white imps (D:9)
  2 ufetubi (D:9)
  3 oozes
  An adder zombie (D:6)
  An adder skeleton (D:6)
  3 worms
  3 dart slugs
  5 leopard geckos
  46 orcs
  8 ball pythons
  4 bats
  12 giant cockroaches
  6 goblins
  7 hobgoblins
  13 jackals
  4 quokkas
  A ball python skeleton (D:5)
  5 frilled lizards
  2 goblin skeletons (D:10)
  3 goblin zombies (D:10)
  2 hobgoblin skeletons (D:10)
  2 hobgoblin zombies (D:10)
  25 kobolds
  A leopard gecko zombie (D:5)
  16 orc zombies (D:10)
  A quokka skeleton (D:4)
  25 rats
  A fungus (D:8)
371 creatures vanquished.

Vanquished Creatures (others)
  40 fungi (D:8)
  17 plants (D:8)
57 creatures vanquished.

Grand Total: 428 creatures vanquished

Notes
Turn   | Place    | Note
-------+----------+-------------------------------------------
     0 | D:1      | Fang the Gargoyle Berserker began the quest for the Orb.
     0 | D:1      | Reached XP level 1. HP: 14/14 MP: 1/1
    40 | D:1      | Reached XP level 2. HP: 13/19 MP: 2/2
   407 | D:1      | Reached XP level 3. HP: 23/23 MP: 3/3
   885 | D:2      | Reached ** piety under Trog
  1029 | D:2      | Reached XP level 4. HP: 29/29 MP: 4/4
  1549 | D:3      | Reached *** piety under Trog
  1587 | D:3      | Reached XP level 5. HP: 30/33 MP: 5/5
  2069 | D:4      | Reached XP level 6. HP: 27/39 MP: 6/6
  2070 | D:4      | Noticed a slave
  2078 | D:4      | Killed a slave
  2098 | D:4      | Noticed a slave
  2136 | D:4      | Killed a slave
  2180 | D:4      | Noticed a hippogriff
  2193 | D:4      | Killed a hippogriff
  2193 | D:4      | Reached skill level 5 in Fighting
  2193 | D:4      | Reached XP level 7. HP: 32/44 MP: 7/7
  2462 | D:4      | Noticed a hungry ghost
  2507 | D:4      | Killed a hungry ghost
  2507 | D:4      | Reached skill level 5 in Armour
  2843 | D:4      | Noticed Pikel
  2864 | D:4      | Killed Pikel
  2864 | D:4      | Reached skill level 5 in Axes
  2864 | D:4      | Reached XP level 8. HP: 42/51 MP: 8/8
  3033 | D:5      | Entered Level 5 of the Dungeon
  3608 | D:5      | Found a staircase to the Ecumenical Temple.
  3749 | D:5      | Reached **** piety under Trog
  3985 | Temple   | Entered the Ecumenical Temple
  4332 | D:6      | Reached XP level 9. HP: 53/56 MP: 9/9
  4426 | D:6      | Found a glowing drain.
  4457 | Sewer    | Entered a sewer
  4636 | Sewer    | Reached skill level 5 in Dodging
  4746 | Sewer    | Reached ***** piety under Trog
  5107 | D:6      | Noticed Eustachio
  5164 | D:6      | Killed Eustachio
  6006 | D:7      | Found a shimmering blue altar of Sif Muna.
  6202 | D:7      | Reached XP level 10. HP: 59/64 MP: 10/10
  6315 | D:7      | Found a stormy altar of Qazlal.
  6318 | D:7      | Found a basalt altar of Yredelemnul.
  6319 | D:7      | Found a sparkling altar of Nemelex Xobeh.
  6320 | D:7      | Found a radiant altar of Vehumet.
  6320 | D:7      | Found an iron altar of Okawaru.
  6321 | D:7      | Found a glowing silver altar of Zin.
  6338 | D:7      | Found a glowing golden altar of the Shining One.
  6339 | D:7      | Found an ornate altar of the Wu Jian Council.
  6340 | D:7      | Found an opulent altar of Gozag.
  6980 | D:8      | Noticed a two-headed ogre
  7182 | D:8      | Killed a two-headed ogre
  7529 | D:8      | Found a staircase to the Lair.
  7751 | Lair:1   | Entered Level 1 of the Lair of Beasts
  7919 | D:9      | Received a gift from Trog
  7975 | D:9      | Reached XP level 11. HP: 67/71 MP: 11/11
  8265 | D:9      | Noticed a two-headed ogre
  8282 | D:9      | Killed a two-headed ogre
  8866 | D:10     | Entered Level 10 of the Dungeon
  8901 | D:10     | Noticed Grum
  8925 | D:10     | Killed Grum
  8935 | D:10     | Reached skill level 10 in Fighting
  8987 | D:10     | Noticed Fannar
  9027 | D:10     | Killed Fannar
  9048 | D:10     | Found a staircase to the Orcish Mines.
  9064 | D:10     | Received a gift from Trog
  9079 | D:10     | Reached skill level 10 in Armour
  9080 | D:10     | Paralysed by fainting for 12 turns
  9482 | D:10     | Found Lag Axeq's Weapon Boutique.
 10509 | D:12     | Noticed Frances
 10511 | D:12     | Noticed a soul eater
 10511 | D:12     | Noticed a soul eater
 10522 | D:12     | Killed from afar by a soul eater

Levels and vault maps discovered:
D:1:      minmay_arrival_semitransparent, layout_loops_cross,
          kennysheep_flooded_box, roderic_nine_men_s_morris, st_stairs_1
D:2:      layout_loops_cross
D:3:      layout_basic
D:4:      layout_basic, first_ration, minmay_quantized, uniq_pikel
D:5:      layout_loops_corners, minmay_temple_entry_butterflies,
          hangedman_decor_diamond_cutter
D:6:      layout_loops_ring, portal_sewer_entry_b, uniq_eustachio
D:7:      layout_loops_ring, minitemple, lemuel_blue_sif_altar
D:8:      layout_basic, due_lair_maze_entry_diamond, corexii_corridor_pit,
          hangedman_pestilent_swarm, uniq_psyche
D:9:      layout_irregular_city, serial_ice, serial_ice_h, serial_ice_i,
          serial_ice_d, serial_ice_m, minivault_5, nrook_uturn
D:10:     layout_basic, zombieorc2_lemuel, serial_shops, nicolae_shop_stone,
          uniq_grum, uniq_fannar
D:11:     layout_irregular_city
D:12:     layout_irregular_city, basic_altar, enter_bailey_2, uniq_frances
Temple:   dshaligram_water_room_temple
Lair:1:   layout_misc_corridors

Skill      XL: |  1  2  3  4  5  6  7  8  9 10 11 |
---------------+----------------------------------+-----
Axes           | 3 4 5 6 7 9 |  9.0
Dodging        | 2 3 4 5 7 8 |  8.0
Armour         | 3 4 5 6 7 9 10 | 10.4
Fighting       | 4 5 6 8 9 10 | 10.6

Action                   |  1- 3 |  4- 6 |  7- 9 | 10-12 || total
-------------------------+-------+-------+-------+-------++-------
Melee: Hand axe          |   113 |   194 |   476 |       ||   783
       War axe           |       |       |   144 |   584 ||   728
Invok: Berserk           |       |     2 |     7 |     7 ||    16
       Trog's Hand       |       |     1 |       |     3 ||     4
  Use: Scroll            |       |       |    23 |     3 ||    26
  Eat: Chunk             |     1 |     5 |    20 |    16 ||    42
       Ration            |       |       |     2 |     5 ||     7
Armor: Animal skin       |    17 |       |       |       ||    17
       Chain mail        |    47 |   103 |   135 |       ||   285
       Plate armour      |       |       |   322 |   627 ||   949
Dodge: Dodged            |    76 |   118 |   373 |   487 ||  1054
